[Event "Titled Tuesday Blitz June 20 Early 2023"]
[White "SicilianPanzer"]
[Black "Lamaze, Simon"]
[BlackFideId "36069264"]
[WhiteElo "2215"]
[BlackElo "2272"]
[Result "0-1"]
[Round "1"]
[TimeControl "180+2"]
[Date "2023.06.20"]
[WhiteClock "0:00:04"]
[BlackClock "0:00:45"]
[Board "200"]

1. e4 c5 2. Nf3 d6 3. d4 cxd4 4. Nxd4 Nf6 5. Nc3 a6 6. Be3 e5 7. Nb3 Be7 8. Rg1 h5 9. h3 Be6 10. g4 hxg4 11. hxg4 Nc6 12. g5 Nd7 13. Qf3 Na5 14. O-O-O Rc8 15. Nd5 Nxb3+ 16. axb3 Nc5 17. Kb1 Rh4 18. Bd3 Rh3 19. Qg2 Nxd3 20. Rxd3 g6 21. Rh1 Rxh1+ 22. Qxh1 Bxd5 23. Rxd5 Qd7 24. Qh8+ Bf8 25. Qf6 Qe6 26. f4 Be7 27. Qh8+ Kd7 28. Qh2 exf4 29. Bxf4 Qxe4 30. Qd2 Rxc2 31. Qxc2 Qxd5 32. Be3 Bxg5 33. Bb6 Qh1+ 34. Ka2 Qc6 35. Qf2 f5 36. Qg3 Qxb6 37. Qxg5 Qa5+ 38. Kb1 Qe1+ 39. Ka2 Qe6 40. Qh6 Kc6 41. Qg7 Kd5 42. b4 b5 43. Qb7+ Kd4+ 44. Ka3 f4 45. Qxa6 Qe3+ 46. Ka2 Qe6+ 47. Ka3 Qd5 48. Qb6+ Kd3 49. Qf2 f3 50. b3 g5 51. Kb2 Qd4+ 52. Ka3 Qa1+ 53. Qa2 Qxa2+ 54. Kxa2 f2 55. Kb2 f1=Q 56. Ka3 Qa1# 0-1


[Site "https://www.chess.com"]

[Event "Titled Tuesday Blitz June 20 Early 2023"]
[White "Ambartsumova, Karina"]
[Black "Larina, Maria"]
[WhiteFideId "4166299"]
[BlackFideId "24113182"]
[WhiteElo "2240"]
[BlackElo "1848"]
[Result "0-1"]
[Round "1"]
[TimeControl "180+2"]
[Date "2023.06.20"]
[WhiteClock "0:00:00"]
[BlackClock "0:00:27"]
[Board "201"]

1. Nf3 f5 2. d4 Nf6 3. g3 g6 4. Bg2 Bg7 5. c4 O-O 6. b3 d6 7. Bb2 a5 8. O-O c6 9. Nbd2 Na6 10. a3 Ne4 11. Qc2 Nxd2 12. Nxd2 e5 13. dxe5 dxe5 14. Rad1 Qc7 15. c5 Qe7 16. Rc1 Be6 17. Rfd1 Rfd8 18. Nf3 e4 19. Nd4 Bf7 20. e3 Nc7 21. Bf1 Ne6 22. b4 axb4 23. axb4 Nxd4 24. Bxd4 Bxd4 25. exd4 e3 26. Bc4 exf2+ 27. Kxf2 Bd5 28. Re1 Qf7 29. Re2 f4 0-1


[Site "https://www.chess.com"]

[Event "Titled Tuesday Blitz June 20 Early 2023"]
[White "Balint, Vilmos"]
[Black "Skliarov, Viktor"]
[WhiteFideId "718050"]
[BlackFideId "14106736"]
[WhiteElo "2034"]
[BlackElo "2317"]
[Result "0-1"]
[Round "1"]
[TimeControl "180+2"]
[Date "2023.06.20"]
[WhiteClock "0:01:41"]
[BlackClock "0:01:21"]
[Board "202"]

1. e4 c5 2. Nf3 Nc6 3. d4 cxd4 4. Nxd4 Nf6 5. Nc3 e5 6. Ndb5 d6 7. Bg5 a6 8. Na3 b5 9. Nd5 Be7 10. Nxe7 Qxe7 11. f3 h6 12. Be3 O-O 13. c4 b4 14. Nc2 a5 15. Be2 Be6 16. O-O a4 17. Qd2 Rfb8 18. b3 Nd7 19. Rfd1 axb3 20. axb3 Rxa1 21. Nxa1 Ra8 22. Nc2 Ra2 23. Ra1 Rxa1+ 24. Nxa1 Nc5 25. Bd1 Qa7 26. Qxd6 Qxa1 27. Bxc5 Nd4 28. Qxe5 Nxf3+ 0-1


[Site "https://www.chess.com"]

[Event "Titled Tuesday Blitz June 20 Early 2023"]
[White "Fonseca Manrique, Enrique"]
[Black "campochess"]
[WhiteFideId "5114330"]
[WhiteElo "2560"]
[BlackElo "2203"]
[Result "1-0"]
[Round "1"]
[TimeControl "180+2"]
[Date "2023.06.20"]
[WhiteClock "0:00:23"]
[BlackClock "0:00:56"]
[Board "203"]

1. e4 Nf6 2. e5 Nd5 3. d4 d6 4. c4 Nb6 5. exd6 cxd6 6. a4 Bf5 7. a5 N6d7 8. Nf3 Nc6 9. Bd3 Bxd3 10. Qxd3 Nxa5 11. b4 Nc6 12. b5 Ncb8 13. O-O e6 14. Nc3 Be7 15. Qe4 Qc7 16. b6 Qxb6 17. Rb1 Qc6 18. d5 exd5 19. Nxd5 Ne5 20. Nxe5 dxe5 21. Qxe5 Qd7 22. Re1 Nc6 23. Nxe7 Qxe7 24. Qc3 O-O 25. Rxe7 Nxe7 26. Bb2 f6 27. Ba3 Rf7 28. Rxb7 Re8 29. Qb3 Nf5 30. g3 Nd4 31. Qb1 Rxb7 32. Qxb7 Ne2+ 33. Kg2 h6 34. Qd7 Re5 35. c5 Nc3 36. c6 Nb5 37. c7 1-0


[Site "https://www.chess.com"]

[Event "Titled Tuesday Blitz June 20 Early 2023"]
[White "Quirke, Jeffrey"]
[Black "Sebag, Marie"]
[WhiteFideId "2013029"]
[BlackFideId "617822"]
[WhiteElo "2199"]
[BlackElo "2431"]
[Result "0-1"]
[Round "1"]
[TimeControl "180+2"]
[Date "2023.06.20"]
[WhiteClock "0:00:00"]
[BlackClock "0:00:17"]
[Board "204"]

1. e4 c5 2. Nc3 Nc6 3. f4 g6 4. Nf3 Bg7 5. a4 e6 6. e5 d5 7. Bb5 Ne7 8. d4 cxd4 9. Nxd4 O-O 10. Nce2 f6 11. exf6 Bxf6 12. Be3 Bd7 13. O-O Rc8 14. c3 a6 15. Bd3 Bg7 16. Qd2 Qc7 17. Rae1 Rf7 18. Bf2 Rcf8 19. Bh4 Nxd4 20. cxd4 Nc6 21. Bb1 Qb6 22. Bf2 Qb4 23. Qc3 Qxc3 24. bxc3 Na5 25. Bc2 Nc4 26. g3 Nd2 27. Rb1 Nxf1 28. Kxf1 b5 29. axb5 Bxb5 30. Ke1 g5 31. Be3 g4 32. Nc1 Rc8 33. Kd2 Rfc7 34. Na2 Bf8 35. Bd1 Bc4 36. Nc1 h5 37. h3 gxh3 38. Bxh5 h2 39. Bf3 Rh7 40. Nd3 Bxd3 41. Kxd3 Rh3 42. Bf2 Bd6 43. Bg4 Rh6 44. Rh1 Kf7 45. Bf3 Rg8 46. f5 Bxg3 47. fxe6+ Kxe6 48. Ke2 Bxf2 49. Kxf2 Kd6 50. Ra1 Ra8 51. Rb1 Kc7 52. Bxd5 Ra7 53. c4 a5 54. c5 a4 55. Be4 a3 56. d5 a2 57. Ra1 Rh4 58. Bf3 Rc4 59. d6+ Kd7 60. c6+ Rxc6 61. Bxc6+ Kxc6 62. Kg2 Kxd6 63. Kxh2 Kc5 64. Kg2 Kb4 65. Kf2 Kb3 66. Ke2 Kb2 67. Rh1 a1=Q 0-1


[Site "https://www.chess.com"]

[Event "Titled Tuesday Blitz June 20 Early 2023"]
[White "Shukhman, Anna"]
[Black "KSho99"]
[WhiteFideId "54180058"]
[WhiteElo "2235"]
[BlackElo "2194"]
[Result "1-0"]
[Round "1"]
[TimeControl "180+2"]
[Date "2023.06.20"]
[WhiteClock "0:02:34"]
[BlackClock "0:02:34"]
[Board "205"]

1. e4 c6 2. d4 d5 3. f3 dxe4 4. fxe4 e5 5. Nf3 Bg4 6. Bc4 Nd7 7. O-O Ngf6 8. Bg5 Qb6 9. c3 Nxe4 10. Bxf7+ Kxf7 11. Nxe5+ Ke8 12. Qxg4 Nxe5 13. Qe6+ 1-0


[Site "https://www.chess.com"]

[Event "Titled Tuesday Blitz June 20 Early 2023"]
[White "Zallio, Luciano de Souza"]
[Black "Ovchinnikov, Vsevolod"]
[WhiteFideId "2109700"]
[BlackFideId "24176842"]
[WhiteElo "2057"]
[BlackElo "2376"]
[Result "0-1"]
[Round "1"]
[TimeControl "180+2"]
[Date "2023.06.20"]
[WhiteClock "0:00:20"]
[BlackClock "0:01:39"]
[Board "206"]

1. c4 Nf6 2. g3 g6 3. Bg2 Bg7 4. Nc3 O-O 5. e3 c6 6. Nge2 d5 7. cxd5 cxd5 8. O-O Nc6 9. d4 b6 10. b3 Ba6 11. Ba3 Re8 12. Rc1 Rc8 13. Re1 e6 14. Nf4 Qd7 15. Nd3 Qb7 16. b4 Bf8 17. b5 Bxa3 18. bxc6 Rxc6 19. Ne5 Rc7 20. Rc2 Rec8 0-1


[Site "https://www.chess.com"]

[Event "Titled Tuesday Blitz June 20 Early 2023"]
[White "MKlose11"]
[Black "Ruge, Edison"]
[BlackFideId "4401000"]
[WhiteElo "2558"]
[BlackElo "2175"]
[Result "1-0"]
[Round "1"]
[TimeControl "180+2"]
[Date "2023.06.20"]
[WhiteClock "0:01:23"]
[BlackClock "0:00:46"]
[Board "207"]

1. e4 e5 2. Nf3 Nc6 3. d4 exd4 4. Bc4 Nf6 5. O-O Nxe4 6. Re1 d5 7. Bxd5 Qxd5 8. Nc3 Qa5 9. Nxe4 Be6 10. Neg5 O-O-O 11. Nxe6 fxe6 12. Rxe6 Qd5 13. Qe2 h6 14. Bd2 Bd6 15. h3 Kd7 16. Re4 Rde8 17. Re1 Rxe4 18. Qxe4 Qxe4 19. Rxe4 Re8 20. Rxe8 Kxe8 21. Kf1 Kf7 22. Ke2 Ke6 23. Kd3 Kd5 24. a3 a5 25. a4 b6 26. b3 Ne5+ 27. Nxe5 Bxe5 28. f4 Bd6 29. g4 g6 30. h4 Be7 31. h5 gxh5 32. gxh5 Bf6 33. f5 Bg7 34. Bf4 c6 35. Bc7 b5 36. Bxa5 bxa4 37. bxa4 Ke5 38. Bb6 Kxf5 39. Bxd4 Bf8 40. a5 c5 41. a6 1-0


[Site "https://www.chess.com"]

[Event "Titled Tuesday Blitz June 20 Early 2023"]
[White "zano2023"]
[Black "Trifan, Andrei Ioan"]
[BlackFideId "12967068"]
[WhiteElo "2182"]
[BlackElo "2208"]
[Result "0-1"]
[Round "1"]
[TimeControl "180+2"]
[Date "2023.06.20"]
[WhiteClock "0:00:27"]
[BlackClock "0:00:49"]
[Board "208"]

1. d4 Nf6 2. Nd2 d5 3. Ngf3 b6 4. e3 Bb7 5. Bd3 e6 6. O-O Bd6 7. Qe2 O-O 8. e4 dxe4 9. Nxe4 Nbd7 10. Bg5 Be7 11. Nxf6+ Nxf6 12. Rad1 h6 13. Bh4 Re8 14. Rfe1 Nd5 15. Bg3 Bd6 16. Qe4 f5 17. Qe2 Nf4 18. Bxf4 Bxf4 19. c3 Qf6 20. Ne5 Rad8 21. g3 Bxe5 22. dxe5 Qf7 23. f4 g5 24. Bb5 Rf8 25. Ba6 Ba8 26. Bc4 gxf4 27. gxf4 Qg6+ 28. Kf2 Qg2+ 29. Ke3 Qe4+ 30. Kf2 Qxf4+ 31. Kg1 Qg5+ 32. Kf2 Qg2+ 33. Ke3 Qh3+ 34. Kf2 Qxh2+ 35. Kf1 Qf4+ 36. Kg1 Kh7 37. Rxd8 Rxd8 38. Bxe6 Rd2 39. Bxf5+ Kh8 40. Qe3 Rg2+ 41. Kh1 Qh2# 0-1


[Site "https://www.chess.com"]

[Event "Titled Tuesday Blitz June 20 Early 2023"]
[White "Pinheiro, Iung Alicio de O."]
[Black "Osuna Vega, Enrique"]
[WhiteFideId "2104350"]
[BlackFideId "2219549"]
[WhiteElo "2283"]
[BlackElo "2177"]
[Result "1-0"]
[Round "1"]
[TimeControl "180+2"]
[Date "2023.06.20"]
[WhiteClock "0:01:43"]
[BlackClock "0:00:40"]
[Board "209"]

1. e4 d6 2. d4 Nf6 3. Nc3 e5 4. Nf3 Nbd7 5. Rg1 c6 6. g4 h6 7. h4 b5 8. g5 hxg5 9. hxg5 Nh5 10. g6 f6 11. Rh1 b4 12. Ne2 Qa5 13. Ng3 Nxg3 14. Rxh8 Nxf1 15. Kxf1 Ba6+ 16. Kg2 O-O-O 17. d5 Nc5 18. Nh4 Nxe4 19. Qg4+ 1-0


[Site "https://www.chess.com"]

[Event "Titled Tuesday Blitz June 20 Early 2023"]
[White "Cueto, Jonny"]
[Black "Krstulovic, Alex"]
[WhiteFideId "3300145"]
[BlackFideId "760056"]
[WhiteElo "2240"]
[BlackElo "2311"]
[Result "0-1"]
[Round "1"]
[TimeControl "180+2"]
[Date "2023.06.20"]
[WhiteClock "0:00:23"]
[BlackClock "0:00:21"]
[Board "210"]

1. d4 Nf6 2. Bf4 c6 3. Nf3 Ne4 4. Nbd2 Nxd2 5. Qxd2 g6 6. O-O-O Na6 7. e4 Qb6 8. h4 h5 9. Bc4 Bg7 10. Ng5 d5 11. exd5 cxd5 12. Bxd5 e6 13. Bb3 O-O 14. g4 e5 15. gxh5 exf4 16. hxg6 Qxg6 17. Rdg1 Qh6 18. Qxf4 Bd7 19. Qg3 Kh8 20. Kb1 Be6 21. Bxe6 fxe6 22. Nxe6 Rg8 23. Qb3 Rae8 24. Ng5 Rgf8 25. Qxb7 Qf6 26. h5 Rb8 27. Qd7 Qxd4 28. Qxd4 Bxd4 29. Ne6 Bxb2 30. Nxf8 Ba3+ 31. Ka1 Bb2+ 32. Kb1 Bc3+ 33. Kc1 Rxf8 34. Rh3 Rc8 35. Re3 Nb4 36. a3 Nd5 37. Re6 Bg7 38. h6 Bc3 39. h7 Nf4 40. Rf6 Bxf6 41. Rg4 Bg7 42. Rxf4 Bh6 43. Kb2 Bxf4 44. Kb3 Bd6 45. c4 Bxa3 46. Ka4 Rxc4+ 47. Kb5 Rf4 48. Kc6 Rxf2 49. Kb7 Rh2 50. Kxa7 Rxh7+ 51. Kb6 Bc5+ 52. Kb5 Kg8 53. Kxc5 Kf7 54. Kd5 Rg7 55. Ke4 Rg6 56. Kd4 Re6 57. Kd5 Kf6 58. Kd4 Kf5 59. Kd5 Rf6 60. Kc5 Ke5 61. Kc4 Rc6+ 62. Kd3 Rc5 63. Ke3 Rc3+ 64. Kd2 Kd4 65. Ke2 Ke4 66. Kd2 Rc4 67. Ke2 Rc2+ 68. Kd1 Kd3 0-1


[Site "https://www.chess.com"]

[Event "Titled Tuesday Blitz June 20 Early 2023"]
[White "Demin, Vladimir"]
[Black "Butti, Enrique"]
[WhiteFideId "4167457"]
[BlackFideId "3700470"]
[WhiteElo "2553"]
[BlackElo "2080"]
[Result "1-0"]
[Round "1"]
[TimeControl "180+2"]
[Date "2023.06.20"]
[WhiteClock "0:01:36"]
[BlackClock "0:01:17"]
[Board "211"]

1. d4 Nf6 2. Nc3 c5 3. dxc5 e6 4. e4 Nc6 5. Be3 Qa5 6. a3 Nxe4 7. Ne2 Bxc5 8. b4 Bxe3 9. Nxe4 Bxf2+ 10. Nxf2 Nxb4 11. axb4 Qxb4+ 12. c3 Qe7 13. Nd4 O-O 14. Bd3 d5 15. O-O g6 16. Re1 e5 17. Nf3 e4 18. Bf1 Be6 19. Nd4 a6 20. c4 Rad8 21. Qb1 f5 22. Nxe6 Qxe6 23. Qxb7 Rf7 24. cxd5 Qxd5 25. Qxd5 1-0


[Site "https://www.chess.com"]

[Event "Titled Tuesday Blitz June 20 Early 2023"]
[White "Sariego Figueredo, Wilfredo"]
[Black "Pham, Khoi"]
[WhiteFideId "3500080"]
[BlackFideId "1054988"]
[WhiteElo "2309"]
[BlackElo "2553"]
[Result "0-1"]
[Round "1"]
[TimeControl "180+2"]
[Date "2023.06.20"]
[WhiteClock "0:01:07"]
[BlackClock "0:01:17"]
[Board "212"]

1. d4 f5 2. g4 fxg4 3. h3 d5 4. Nc3 Nf6 5. Bg5 Nc6 6. hxg4 Bxg4 7. f3 Be6 8. Bh3 Qd7 9. Nb5 O-O-O 10. Qd2 Bxh3 11. Nxh3 Kb8 12. O-O-O h6 13. Bf4 Ne8 14. Ng5 Nd6 15. Nxd6 exd6 16. Nh3 Be7 17. Nf2 Bf6 18. e3 g5 19. Ng4 Bg7 20. Bg3 h5 21. Nf2 h4 22. Bh2 Rdf8 23. Qe2 Qf5 24. e4 dxe4 25. Nxe4 Nxd4 26. Rxd4 Bxd4 27. Nxd6 cxd6 28. Bxd6+ Ka8 29. Bxf8 Rxf8 30. Re1 a6 31. Rd1 Qf4+ 32. Kb1 h3 33. Rh1 Qxf3 34. Qe1 g4 35. c3 Bf2 36. Qe7 Qxh1+ 37. Kc2 Rb8 38. Qg7 0-1


[Site "https://www.chess.com"]

[Event "Titled Tuesday Blitz June 20 Early 2023"]
[White "Krutko, Anatoly"]
[Black "Nikulina, Alena"]
[WhiteFideId "4185862"]
[BlackFideId "4172051"]
[WhiteElo "2378"]
[BlackElo "1608"]
[Result "1-0"]
[Round "1"]
[TimeControl "180+2"]
[Date "2023.06.20"]
[WhiteClock "0:00:30"]
[BlackClock "0:00:06"]
[Board "213"]

1. e4 c5 2. Nf3 e6 3. d3 Nc6 4. g3 Nf6 5. Bg2 d5 6. Nbd2 Be7 7. O-O O-O 8. Re1 a6 9. e5 Nd7 10. Nf1 f6 11. exf6 Nxf6 12. Ne3 Qe8 13. d4 Qg6 14. c3 Bd7 15. Ne5 Nxe5 16. dxe5 Ne4 17. f4 Bc6 18. Qg4 Qxg4 19. Nxg4 h5 20. Ne3 d4 21. Nd1 dxc3 22. Bxe4 cxb2 23. Bxb2 Rac8 24. Nc3 b5 25. Bxc6 Rxc6 26. Ne4 h4 27. Kf2 c4 28. Ke3 b4 29. Rac1 c3 30. Ba1 a5 31. Nxc3 bxc3 32. Rxc3 Rxc3+ 33. Bxc3 a4 34. Rb1 hxg3 35. hxg3 Rc8 36. Bd4 Rc2 37. Rb2 Rc1 38. Rb7 Kf8 39. Ra7 a3 40. g4 Rc2 41. f5 exf5 42. gxf5 Rxa2 43. Ra8+ Kf7 44. Ra7 Ke8 45. Ke4 Re2+ 46. Kd5 Rd2 47. Ke6 Rxd4 48. Rxe7+ Kf8 49. Rf7+ Kg8 50. Ra7 Rd3 51. Ra8+ Kh7 52. Ra7 Kh6 53. f6 gxf6 54. exf6 Re3+ 55. Kf7 Rf3 56. Ra5 Rf2 57. Rxa3 Rf1 58. Rh3+ Kg5 59. Rg3+ Kh4 60. Rg6 Kh5 61. Kg7 Ra1 62. f7 Ra7 63. Rg1 Rb7 64. Kg8 Rxf7 65. Kxf7 Kh4 66. Kf6 1-0


[Site "https://www.chess.com"]

[Event "Titled Tuesday Blitz June 20 Early 2023"]
[White "Kev4444444444"]
[Black "Jimenez Almeida, Luis David"]
[BlackFideId "22242244"]
[WhiteElo "2152"]
[BlackElo "2245"]
[Result "1-0"]
[Round "1"]
[TimeControl "180+2"]
[Date "2023.06.20"]
[WhiteClock "0:00:21"]
[BlackClock "0:00:00"]
[Board "214"]

1. c4 e5 2. Nc3 Nc6 3. Nf3 Nf6 4. e4 Bc5 5. Nxe5 O-O 6. Nf3 Re8 7. d3 d5 8. cxd5 Nxd5 9. Be2 Ndb4 10. a3 Na6 11. b4 Bd4 12. Bb2 Ne7 13. O-O Bb6 14. d4 c6 15. Qd2 Bg4 16. Na4 Bc7 17. Rfd1 Ng6 18. h3 Be6 19. Qc2 Nf4 20. Bxa6 bxa6 21. Nc5 Bc8 22. Bc1 Qf6 23. Bxf4 Qxf4 24. e5 Bxh3 25. Qe4 Qxe4 26. Nxe4 Be6 27. Rac1 Bd5 28. Nc3 Bb3 29. Rd2 a5 30. Rb2 Be6 31. Ne4 axb4 32. axb4 Bb6 33. Nd6 Red8 34. Rxc6 Bd5 35. Rc1 Bxf3 36. gxf3 Bxd4 37. Re2 Bxe5 38. Rxe5 Rxd6 39. Rc7 Rf6 40. Rxa7 Rb8 41. Rb7 Rc8 42. Rc5 Rf8 43. Kg2 g6 44. Rcc7 Rd8 45. b5 Rd3 46. Rc8+ Kg7 47. Rc2 Rdxf3 48. Rb2 Rc3 49. b6 Rcc6 50. Kg3 g5 51. Kg2 Kg6 52. Kg3 1-0


[Site "https://www.chess.com"]

[Event "Titled Tuesday Blitz June 20 Early 2023"]
[White "Girya, Olga"]
[Black "Eisa Mohmood, Alkhoori"]
[WhiteFideId "4195752"]
[BlackFideId "9316116"]
[WhiteElo "2263"]
[BlackElo "1364"]
[Result "1-0"]
[Round "1"]
[TimeControl "180+2"]
[Date "2023.06.20"]
[WhiteClock "0:02:15"]
[BlackClock "0:02:14"]
[Board "215"]

1. d4 Nf6 2. Nf3 g6 3. Bg5 Bg7 4. Nbd2 d5 5. Bxf6 Bxf6 6. e4 dxe4 7. Nxe4 Bg7 8. Bc4 O-O 9. c3 Nd7 10. O-O Nf6 11. Qe2 b6 12. Ne5 Bb7 13. Nxf7 Rxf7 14. Bxf7+ Kxf7 15. Ng5+ Ke8 16. Ne6 Qd5 17. Nxc7+ Kd7 18. Nxd5 Bxd5 19. c4 Bb7 20. d5 Rf8 21. Rfe1 Rf7 22. Qe6+ Ke8 23. d6 1-0


[Site "https://www.chess.com"]

[Event "Titled Tuesday Blitz June 20 Early 2023"]
[White "le-castor-faineant"]
[Black "Aloma Vidal, Robert"]
[BlackFideId "2260409"]
[WhiteElo "2144"]
[BlackElo "2435"]
[Result "1/2-1/2"]
[Round "1"]
[TimeControl "180+2"]
[Date "2023.06.20"]
[WhiteClock "0:00:58"]
[BlackClock "0:00:23"]
[Board "216"]

1. e4 e5 2. Nf3 Nf6 3. Nc3 Nc6 4. Bb5 Nd4 5. O-O Nxb5 6. Nxb5 c6 7. Nc3 d6 8. d4 Qc7 9. Bg5 Be7 10. dxe5 dxe5 11. h3 O-O 12. Qe2 Be6 13. Rfd1 b5 14. Qe3 a5 15. Ne2 Rfd8 16. Ng3 Rxd1+ 17. Rxd1 Rd8 18. Rxd8+ Bxd8 19. Nf5 a4 20. a3 Nd7 21. Bxd8 Qxd8 22. Qc3 Bxf5 23. exf5 Qf6 24. Nd2 h6 25. g4 c5 26. Ne4 Qc6 27. Qe3 b4 28. Nd2 Qd5 29. c4 Qc6 30. Qe4 Qd6 31. Qd5 Qxd5 32. cxd5 Nb6 33. d6 Kf8 34. Ne4 bxa3 35. bxa3 c4 36. Kf1 Ke8 37. Ke2 Kd7 38. Kd2 Nd5 39. h4 g6 40. fxg6 fxg6 41. f3 Kc6 42. Kc2 h5 43. gxh5 gxh5 44. Kd2 Kd7 45. Kc2 Ke6 46. Kd2 Kd7 47. Kc2 Kc6 48. Kd2 Kd7 1/2-1/2


[Site "https://www.chess.com"]

[Event "Titled Tuesday Blitz June 20 Early 2023"]
[White "Taboas Rodriguez, Daniel"]
[Black "Vargas Rodriguez, Wilver"]
[WhiteFideId "2208466"]
[BlackFideId "3509672"]
[WhiteElo "2365"]
[BlackElo "2245"]
[Result "1-0"]
[Round "1"]
[TimeControl "180+2"]
[Date "2023.06.20"]
[WhiteClock "0:00:40"]
[BlackClock "0:00:04"]
[Board "217"]

1. d4 Nf6 2. Nf3 e6 3. c4 d5 4. Nc3 dxc4 5. e3 c5 6. Bxc4 cxd4 7. exd4 Bb4 8. O-O Bxc3 9. bxc3 Qc7 10. Qe2 O-O 11. Bg5 Nd5 12. Rac1 Nc6 13. Bd3 Nf4 14. Bxf4 Qxf4 15. Rfe1 b6 16. g3 Qh6 17. h4 Bb7 18. Ng5 g6 19. Ne4 Qg7 20. Nd6 Rab8 21. Nxb7 Rxb7 22. Kg2 Rc7 23. h5 Rfc8 24. Qe3 Ne7 25. c4 Nf5 26. Bxf5 gxf5 27. c5 bxc5 28. dxc5 Qf8 29. h6 f6 30. Qxe6+ Qf7 31. Qxf5 Kf8 32. c6 Rxc6 33. Qxc8+ Rxc8 34. Rxc8+ Qe8 35. Rcxe8+ Kf7 36. R8e7+ Kg6 37. Rxa7 1-0


[Site "https://www.chess.com"]

[Event "Titled Tuesday Blitz June 20 Early 2023"]
[White "Hartikainen, Jarmo"]
[Black "Garv Gaur"]
[WhiteFideId "503134"]
[BlackFideId "45030839"]
[WhiteElo "2142"]
[BlackElo "2068"]
[Result "0-1"]
[Round "1"]
[TimeControl "180+2"]
[Date "2023.06.20"]
[WhiteClock "0:00:00"]
[BlackClock "0:00:09"]
[Board "218"]

1. e4 c6 2. d4 g6 3. Nc3 d5 4. Be3 Bg7 5. Be2 Bf8 6. Qd2 Bg7 7. g4 dxe4 8. Nxe4 Nf6 9. Nxf6+ exf6 10. h4 h6 11. O-O-O Be6 12. Kb1 Nd7 13. h5 g5 14. f4 Nb6 15. f5 Bd5 16. Nf3 O-O 17. Rhe1 Re8 18. Ng1 Qd7 19. Bd3 Bf8 20. Bf2 Nc4 21. Bxc4 Bxc4 22. Rxe8 Rxe8 23. Re1 Rxe1+ 24. Qxe1 Qd5 25. b3 Ba6 26. Kb2 Qg2 27. Qd2 Qxg4 28. c4 Qxf5 29. Be3 Qe6 30. Ne2 f5 31. Ng3 f4 32. Bxf4 gxf4 33. Ne2 Bg7 34. Qd3 f3 35. Qxf3 c5 36. Qd3 cxd4 37. Nxd4 Qd6 38. Kc3 b5 39. a3 bxc4 40. bxc4 Qxa3+ 41. Kd2 Qb4+ 42. Ke3 Bxc4 0-1


[Site "https://www.chess.com"]

[Event "Titled Tuesday Blitz June 20 Early 2023"]
[White "Shevtchenko, Olesya"]
[Black "Acosta Cruz, Oscar Yosimar"]
[WhiteFideId "24131890"]
[BlackFideId "5111269"]
[WhiteElo "2003"]
[BlackElo "2147"]
[Result "1-0"]
[Round "1"]
[TimeControl "180+2"]
[Date "2023.06.20"]
[WhiteClock "0:00:23"]
[BlackClock "0:00:22"]
[Board "219"]

1. d4 d5 2. c4 c6 3. Nc3 Nf6 4. Nf3 a6 5. e3 b5 6. b3 Bg4 7. Be2 e6 8. O-O Bb4 9. Bb2 O-O 10. Ne5 Bxe2 11. Qxe2 Qe7 12. Rac1 Nfd7 13. Nd3 Bd6 14. e4 dxc4 15. bxc4 bxc4 16. Ne1 c5 17. d5 Nb6 18. e5 exd5 19. exd6 Qxd6 20. Qg4 f5 21. Qd1 d4 22. Na4 N8d7 23. Nf3 Rab8 24. Ba3 Qd5 25. Re1 Rfe8 26. Rxe8+ Rxe8 27. Bxc5 Nxa4 28. Qxa4 d3 29. Be3 h6 30. Qxc4 Qe6 31. Qxd3 Kh7 32. Nd4 Qxa2 33. Qxf5+ 1-0


[Site "https://www.chess.com"]

[Event "Titled Tuesday Blitz June 20 Early 2023"]
[White "Floresvillar Gonzalez, Luis Migu"]
[Black "Mamedov, Edgar"]
[WhiteFideId "5100542"]
[BlackFideId "13739980"]
[WhiteElo "2040"]
[BlackElo "2317"]
[Result "0-1"]
[Round "1"]
[TimeControl "180+2"]
[Date "2023.06.20"]
[WhiteClock "0:00:18"]
[BlackClock "0:00:47"]
[Board "220"]

1. d4 d5 2. c3 Nf6 3. Bg5 e6 4. Nd2 Be7 5. Ngf3 Nbd7 6. e3 O-O 7. Bd3 b6 8. Qe2 Bb7 9. e4 dxe4 10. Nxe4 Nxe4 11. Bxe7 Nxc3 12. Bxd8 Nxe2 13. Bxc7 Bxf3 14. Bxe2 Bxg2 15. Rg1 Bd5 16. f4 Rfc8 17. Rc1 Nf6 18. Kd2 Ne8 19. Be5 f6 20. Rxc8 Rxc8 21. Ba6 Rd8 22. a3 fxe5 23. fxe5 Nc7 24. Bd3 Bb7 25. Rc1 Nd5 26. Be4 Rf8 27. Bxd5 Bxd5 28. Rc7 a5 0-1


[Site "https://www.chess.com"]

[Event "Titled Tuesday Blitz June 20 Early 2023"]
[White "Shubenkova, Veronika"]
[Black "Winkels, Marcel"]
[WhiteFideId "44124040"]
[BlackFideId "1003887"]
[WhiteElo "2060"]
[BlackElo "1900"]
[Result "1-0"]
[Round "1"]
[TimeControl "180+2"]
[Date "2023.06.20"]
[WhiteClock "0:02:45"]
[BlackClock "0:00:00"]
[Board "221"]

1. e4 c5 2. Nc3 d6 3. g3 Nc6 4. Bg2 g6 5. d3 Bg7 6. f4 e6 7. Nf3 Nge7 8. O-O O-O 9. Rb1 Nd4 10. Ne2 Rb8 11. c3 Nxf3+ 12. Bxf3 b5 13. Be3 b4 14. Qd2 a5 15. g4 f5 16. h3 Ba6 17. c4 Bb7 18. Ng3 Qd7 19. gxf5 exf5 20. Kh2 Bc6 21. Rf2 Qb7 22. Rg1 Kh8 23. h4 Rg8 24. Rfg2 Bf6 25. h5 Bh4 26. Kh3 Bxg3 27. Rxg3 fxe4 28. dxe4 Bxe4 29. Qxd6 Bxf3 30. Qf6+ Rg7 31. h6 Nf5 32. hxg7+ Qxg7 33. Qxg7+ Kxg7 34. Rxf3 Rc8 35. b3 a4 36. Bc1 axb3 37. axb3 Rb8 38. Bb2+ Kf7 39. Rd3 Re8 40. Be5 1-0


[Site "https://www.chess.com"]

[Event "Titled Tuesday Blitz June 20 Early 2023"]
[White "Brown, Raehanna"]
[Black "Ince, Taylan Ruzgar"]
[WhiteFideId "7402740"]
[BlackFideId "44513089"]
[WhiteElo "1655"]
[BlackElo "2147"]
[Result "0-1"]
[Round "1"]
[TimeControl "180+2"]
[Date "2023.06.20"]
[WhiteClock "0:00:00"]
[BlackClock "0:00:16"]
[Board "222"]

1. c4 Nf6 2. Nc3 e5 3. Nf3 Nc6 4. g3 Bb4 5. Bg2 O-O 6. O-O Bxc3 7. bxc3 d6 8. d3 h6 9. e4 Ne7 10. h3 Ng6 11. Kh2 Nh7 12. Ng1 c6 13. f4 f5 14. Qh5 Qe8 15. fxe5 Nxe5 16. Qe2 fxe4 17. Rxf8+ Qxf8 18. Bxe4 Nf6 19. Bg2 Bf5 20. d4 Nd3 21. Ba3 Re8 22. Qd2 Qe7 23. Rf1 Bg6 24. Nf3 c5 25. dxc5 dxc5 26. Nh4 Bh7 27. Bd5+ Nxd5 28. cxd5 Qe2+ 29. Qxe2 Rxe2+ 30. Kg1 b6 31. Nf3 Be4 0-1


[Site "https://www.chess.com"]

[Event "Titled Tuesday Blitz June 20 Early 2023"]
[White "Roebers, Eline"]
[Black "Sailer, Mike"]
[WhiteFideId "1058401"]
[BlackFideId "2012901"]
[WhiteElo "2543"]
[BlackElo "2109"]
[Result "1-0"]
[Round "1"]
[TimeControl "180+2"]
[Date "2023.06.20"]
[WhiteClock "0:01:24"]
[BlackClock "0:00:26"]
[Board "223"]

1. e4 d5 2. exd5 Qxd5 3. Nf3 Bg4 4. Be2 Nc6 5. h3 Bh5 6. d4 O-O-O 7. Be3 Nf6 8. c4 Qa5+ 9. Nc3 Ne4 10. Rc1 Nxc3 11. Rxc3 e5 12. d5 Bb4 13. Bd2 Bxf3 14. Bxf3 Bxc3 15. Bxc3 Qxa2 16. O-O Qxc4 17. Qa1 Rxd5 18. Bxd5 Qxd5 19. Rd1 Qe6 20. b4 Kb8 21. b5 Nd4 22. Bxd4 exd4 23. Qxd4 f6 24. Qc5 Re8 25. Ra1 Qb6 26. Qf5 h6 27. Qd7 Qe6 28. Qxg7 Qe5 29. Rd1 Qxb5 30. Qxf6 Qb6 31. Rd8+ Rxd8 32. Qxd8# 1-0


[Site "https://www.chess.com"]